 Dungeon Crawl Stone Soup version 0.27.1-1-g398f81649c (webtiles) character file.

Game seed: 13471110003340727996

52 phibes the Stinger (level 3, 0/21 HPs)
             Began as an Octopode Venom Mage on Sept 10, 2021.
             Was a Follower of Nemelex Xobeh.
             Slain by a gnoll (2 damage)
             ... on level 2 of the Dungeon.
             The game lasted 00:35:18 (1879 turns).

phibes the Stinger (Octopode Venom Mage)            Turns: 1879, Time: 00:35:19

Health: 0/21       AC:  1    Str:  7    XL:     3   Next: 85%
Magic:  3/6        EV: 13    Int: 18    God:    Nemelex Xobeh [*.....]
Gold:   54         SH:  0    Dex: 12    Spells: 5/6 levels left

rFire    . . .     SeeInvis .   (no weapon)
rCold    . . .     Faith    .   (no shield)
rNeg     . . .     Spirit   .   (helmet restricted)
rPois    .         Reflect  .   (no amulet)
rElec    .         Harm     .   k - ring of willpower
rCorr    .         Rampage  .   (no ring)
Will     +....                  (no ring)
Stlth    +++.......             (no ring)
HPRegen  0.07/turn              (no ring)
MPRegen  0.10/turn              (no ring)
                                (no ring)
                                (no ring)

@: no status effects
A: almost no armour, amphibious, 8 rings, camouflage 1, gelatinous body 1,
(nimble swimmer 1), tentacles
a: Renounce Religion, Draw Escape, Draw Destruction, Draw Summoning


You were on level 2 of the Dungeon.
You worshipped Nemelex Xobeh.
Nemelex Xobeh was aware of your devotion.
You visited 1 branch of the dungeon, and saw 2 of its levels.

You collected 54 gold pieces.

Inventory:

Hand Weapons
 b - a +0 dagger
 d - a +0 spear
 j - a +0 short sword
Missiles
 e - 70 stones
Armour
 g - a +0 leather armour
 h - a +0 ring mail
Jewellery
 k - a ring of willpower (left tentacle)
Scrolls
 a - a scroll of torment {unknown}
 c - a scroll of identify {unknown}
 f - a scroll of teleportation {unknown}
 i - 2 scrolls of enchant weapon {unknown}
Potions
 l - a potion of curing {unknown}


   Skills:
 + Level 0.2 Fighting
 + Level 2.1 Dodging
 * Level 3.3 Stealth
 + Level 2.2 Spellcasting
 - Level 1.1 Transmutations
 + Level 4.9 Poison Magic


You had 5 spell levels left.
You knew the following spells:

 Your Spells              Type           Power      Damage    Failure   Level
a - Sting                 Tmut/Pois      48%        1d5       5%          1

Your spell library contained the following spells:

 Spells                   Type           Power      Damage    Failure   Level
 Poisonous Vapours        Pois/Air       20%        N/A       10%         2
 Olgreb's Toxic Radiance  Pois           19%        N/A       24%         4
 Blink                    Tloc           N/A        N/A       26%         2
 Mephitic Cloud           Conj/Pois/Air  7%         N/A       26%         3
 Lesser Beckoning         Tloc           1%         N/A       47%         3
 Manifold Assault         Tloc           2%         N/A       99%         5


Dungeon Overview and Level Annotations

Branches:
Dungeon (2/15)

Altars:
Nemelex Xobeh
Beogh


Innate Abilities, Weirdness & Mutations

You cannot wear most types of armour.
You are amphibious.
You can wear up to eight rings at the same time.
Your skin changes colour to match your surroundings (Stealth+).
Your rubbery body absorbs attacks. (AC +1, EV +1)
((You are camouflaged near water. (Stealth+)))
You have tentacles for arms and can constrict up to eight enemies at once.


Message History

Casting: Sting (safe; 5% risk of failure)
Confirm with . or Enter, or press ? or * to list all spells.
You can't see any susceptible monsters within range! (Use Z to cast anyway.)
Casting: Sting (safe; 5% risk of failure)
Confirm with . or Enter, or press ? or * to list all spells.
Aiming: Sting (safe; 5% risk of failure)
Press: ? - help, Shift-Dir - straight line, f - gnoll
Aim: a gnoll, wielding a +0 whip (75% to hit)
The sting hits the gnoll.
The gnoll is poisoned.
The gnoll is lightly wounded.
You climb upwards.
There is a stone staircase leading down here.
There is a stone staircase leading down here.
You climb downwards.
The gnoll hits you with a +0 whip!
There is a stone staircase leading up, spattered with blood here.
Casting: Sting (safe; 5% risk of failure)
Confirm with . or Enter, or press ? or * to list all spells.
Aiming: Sting (safe; 5% risk of failure)
Press: ? - help, Shift-Dir - straight line, f - gnoll
Aim: a gnoll, wielding a +0 whip (lightly wounded, 75% to hit)
The sting misses the gnoll.
The gnoll barely misses you.
Casting: Sting (safe; 5% risk of failure)
Confirm with . or Enter, or press ? or * to list all spells.
Aiming: Sting (safe; 5% risk of failure)
Press: ? - help, Shift-Dir - straight line, f/p - gnoll
Aim: a gnoll, wielding a +0 whip (lightly wounded, 75% to hit)
The sting misses the gnoll.
The gnoll hits you with a +0 whip.
Casting: Sting (safe; 5% risk of failure)
Confirm with . or Enter, or press ? or * to list all spells.
Aiming: Sting (safe; 5% risk of failure)
Press: ? - help, Shift-Dir - straight line, f/p - gnoll
Aim: a gnoll, wielding a +0 whip (lightly wounded, 75% to hit)
The sting hits the gnoll but does no damage.
The gnoll is poisoned.
The gnoll is lightly wounded.
The gnoll hits you with a +0 whip!
* * * LOW HITPOINT WARNING * * *
The gnoll hits you with a +0 whip.
You die...
Your body glows slightly and disappears.

###...........###...#....#
......######..#....###....#
#....#######>.#..........##
#.###..............#####.#
...................# #.#
..###......÷.......# .# #.#
###.#.#........# .. #.#
##.#.#........#
#.####..#.#.....@..#
....##..#.#....g##.#
....†..##.##.......#
.....#.#...#....#..#
.......#.).#....#..#
......## ##..## .# ##....#
#..# .# ....## ##.. .
######


You could see a gnoll (poisoned).

Vanquished Creatures
  Jessica (D:1)
  An adder (D:1)
  3 endoplasms
  A goblin (D:1)
  3 kobolds
  4 ball pythons
  A bat (D:1)
  6 rats
20 creatures vanquished.

Notes
Turn   | Place    | Note
-------+----------+-------------------------------------------
     0 | D:1      | phibes the Octopode Venom Mage began the quest for the Orb.
     0 | D:1      | Reached XP level 1. HP: 11/11 MP: 3/3
   385 | D:1      | Found a faded altar of an unknown god.
   391 | D:1      | Became a worshipper of Nemelex Xobeh the Trickster
   391 | D:1      | Reached * piety under Nemelex Xobeh
   391 | D:1      | Received a gift from Nemelex Xobeh
   830 | D:1      | Reached XP level 2. HP: 17/17 MP: 3/5
   969 | D:1      | Reached skill level 4 in Poison Magic
  1327 | D:2      | Noticed Jessica
  1347 | D:1      | Reached XP level 3. HP: 15/21 MP: 3/6
  1742 | D:1      | Killed Jessica
  1879 | D:2      | Slain by a gnoll

Illustrated notes

Levels and vault maps discovered:
D:1:      co_arrival_square_in_a_square_in_a_square, layout_loops_corners,
          hellmonk_ecumenical_altar_defaced_shrine
D:2:      minmay_general_purpose_star, layout_rooms, uniq_jessica

Skill      XL: |  1  2 |
---------------+-------+-----
Poison Magic   | 4 |  4.9
Stealth        | 3 |  3.3
Fighting       | |  0.2
Dodging        | |  2.1
Spellcasting   | |  2.2
Transmutations | |  1.1

Action                   || total
-------------------------++-------
Melee: Unarmed           ||     6
       Constrict         ||     2
       Tentacles         ||     1
 Cast: Sting             ||    29
Armor: Skin              ||     1
Dodge: Dodged            ||    11
